 Dungeon Crawl Stone Soup version 0.30-a0-1035-g38d5fb2972 (webtiles) character file.

Game seed: 16449695584659922672

6199 cheesebisquit the Arsonist (level 10, -15/64 HPs)
             Began as a Gargoyle Fire Elementalist on Apr 8, 2023.
             Was a Priest of Vehumet.
             Demolished by a large slime creature (24 damage)
             ... on level 9 of the Dungeon.
             The game lasted 00:46:26 (11254 turns).

cheesebisquit the Arsonist (GrFE)                  Turns: 11254, Time: 00:46:27

Health: -15/64     AC: 21    Str: 12    XL:     10   Next: 91%
Magic:  13/25      EV: 11    Int: 20    God:    Vehumet [***...]
Gold:   102        SH:  0    Dex: 10    Spells: 4/17 levels left

rFire   . . .      SeeInvis +    G - +1 whip (flame)
rCold   . . .      Faith    .    (no shield)
rNeg    + . .      Spirit   .    L - +2 acid dragon scales
rPois   ∞          Reflect  .    (no helmet)
rElec   +          Rampage  .    D - +1 cloak
rCorr   +                        u - +2 pair of gloves
Will    .....                    (no boots)
Stlth   +                        F - amulet of magic regeneration
HPRegen 0.30/turn                f - ring of magical power
MPRegen 0.59/turn                Q - ring of see invisible

@: no status effects
A: sickness immunity, AC +7, negative energy resistance 1, electricity
resistance, torment resistance 1, petrification resistance
a: Renounce Religion


You were on level 9 of the Dungeon.
You worshipped Vehumet.
Vehumet was most pleased with you.
You visited 2 branches of the dungeon, and saw 10 of its levels.
You also visited: Ossuary.

You collected 309 gold pieces.
You spent 207 gold pieces at shops.

Inventory:

Hand Weapons
 e - a +0 mace
 o - a +1 spear of venom
 p - a +0 flail
 A - the +8 spear "Emeuroul" {vamp, rF++ rN+++ Int-5 SInv}
   (You found it on level 5 of the Dungeon)

   Int:       It affects your intelligence (-5).
   rF:        It greatly protects you from fire.
   rN:        It renders you almost immune to negative energy.
   SInv:      It lets you see invisible.
 G - a +1 whip of flaming (weapon)
 K - a +0 war axe of flaming
Missiles
 b - 5 atropa-tipped darts
 n - a throwing net
 t - 2 boomerangs
 w - 2 silver boomerangs
 x - 19 poisoned darts
Armour
 a - a +0 robe
 j - a +2 tower shield
 u - a +2 pair of gloves (worn)
 B - the +0 leather armour of Orghoide {MP+9}
   (You found it on level 6 of the Dungeon)

   MP:        It affects your magic capacity (+9).
 C - an orb of energy
 D - a +1 cloak (worn)
 H - a +1 robe of positive energy
 J - a +0 kite shield
 L - +2 acid dragon scales (worn)
Jewellery
 f - a ring of magical power (left hand)
 F - an amulet of magic regeneration (around neck)
 Q - a ring of see invisible (right hand)
 R - a +6 ring of dexterity
Wands
 r - a wand of roots (1)
 y - a wand of polymorph (8)
 I - a wand of light (10)
Scrolls
 c - a scroll of poison
 k - a scroll of immolation
 l - 4 scrolls of vulnerability
 m - 5 scrolls of enchant weapon
 q - 2 scrolls of torment
 s - a scroll of teleportation {unknown}
 E - a scroll of acquirement {unknown}
 P - a scroll of silence {unknown}
 S - 2 scrolls of fog
Potions
 d - 2 potions of heal wounds
 g - 3 potions of haste
 h - 3 potions of lignification
 i - 7 potions of curing
 v - 2 potions of mutation
 z - 3 potions of resistance
 M - a potion of magic
 N - 3 potions of flight
 T - 2 potions of degeneration
 U - a potion of might
 V - a potion of brilliance
 W - a potion of berserk rage


   Skills:
 + Level 8.0 Fighting
 + Level 3.7 Maces & Flails
 + Level 2.5 Armour
 + Level 2.6 Dodging
 - Level 2.1 Stealth
 + Level 2.6 Shields
 + Level 4.0 Spellcasting
 - Level 1.1 Conjurations
 + Level 12.6 Fire Magic


You had 4 spell levels left.
You knew the following spells:

 Your Spells              Type           Power      Damage    Failure   Level
a - Foxfire               Conj/Fire      100%       2x1d9     1%          1
b - Volatile Blastmotes   Fire/Tloc      58%        2d14      1%          3
c - Inner Flame           Hex/Fire       29%        N/A       1%          3
d - Flame Wave            Conj/Fire      31%        2d9       3%          4
z - Scorch                Fire           100%       2d9       1%          2

Your spell library contained the following spells:

 Spells                   Type           Power      Damage    Failure   Level
 Dazzling Flash           Conj/Hex       12%        N/A       12%         3
 Magic Dart               Conj           32%        1d4       3%          1
 Shock                    Conj/Air       24%        1d4       4%          1
 Searing Ray              Conj           16%        2d5       5%          2
 Momentum Strike          Conj/Tloc      12%        3d8       6%          2
 Apportation              Tloc           8%         N/A       19%         1
 Necrotise                Necr           16%        1d4       19%         1
 Summon Small Mammal      Summ           16%        N/A       19%         1
 Blink                    Tloc           8%         N/A       28%         2
 Lesser Beckoning         Tloc           8%         N/A       28%         2
 Wereblood                Tmut           4%         N/A       28%         2
 Fulminant Prism          Conj/Hex       3%         3d5       36%         4
 Airstrike                Air            2%         2d(1-17)  41%         4
 Gell's Gravitas          Tloc           4%         N/A       50%         3
 Swiftness                Air            4%         N/A       50%         3
 Teleport Other           Tloc           4%         N/A       50%         3
 Summon Hydra             Summ           2%         N/A       100%        7
 Sublimation of Blood     Necr           Unusable   N/A       N/A         2

Dungeon Overview and Level Annotations

Branches:
Dungeon (9/15)             Temple (1/1) D:4         Ossuary (visited)
   Lair: D:8-11         Orc: D:9-12

Altars:
Ashenzari
Cheibriados
Dithmenos
Fedhas
Gozag
Hepliaklqana
Kikubaaqudgha
Makhleb
Nemelex Xobeh
Trog
Uskayaw
Vehumet
Xom
Zin
The Shining One

Shops:
D:3 *

Annotations:
D:4 3 runed translucent doors, greenreed's ghost, novice SpCj
D:6 2 transporters, Zeldest's ghost, novice TrEE


Innate Abilities, Weirdness & Mutations

You are immune to sickness and miasma.
Your stone body is resilient. (AC +7)
You are immune to poison.
You resist negative energy. (rN+)
You are resistant to electric shocks. (rElec)
You are resistant to unholy torment.
You are immune to petrification.


Message History

Casting: Foxfire (safe; 1% risk of failure)
Confirm with . or Enter, or press ? or * to list all spells.
Flames lash the large slime creature.
The large slime creature is burned terribly!
The large slime creature is severely wounded.
The foxfire hits the large slime creature.
The large slime creature is burned terribly!
The large slime creature is almost dead.
The foxfire hits the large slime creature.
The large slime creature is burned terribly!
The large slime creature is almost dead.
You conjure some foxfire!
Casting: Foxfire (safe; 1% risk of failure)
Confirm with . or Enter, or press ? or * to list all spells.
Flames lash the slime creature.
The slime creature is burned terribly!
The slime creature is heavily wounded.
The foxfire hits the large slime creature.
The large slime creature is almost dead.
The foxfire hits the large slime creature!
The large slime creature is burned terribly!
The large slime creature is almost dead.
You conjure some foxfire!
The foxfire hits the slime creature!
The slime creature is burned terribly!
The slime creature is severely wounded.
The large slime creature hits you!
Casting: Foxfire (safe; 1% risk of failure)
Confirm with . or Enter, or press ? or * to list all spells.
Flames lash the slime creature.
The slime creature is burned terribly!
The slime creature is heavily wounded.
The foxfire hits the large slime creature!
The large slime creature is burned terribly!
The large slime creature is almost dead.
Two slime creatures merge to form a large slime creature.
The large slime creature hits you!
You conjure some foxfire!
The large slime creature hits you!!
Ouch! That really hurt!
* * * LOW HITPOINT WARNING * * *
The large slime creature attacks as you move away!
The large slime creature hits you!!
You die...

##############
##...........[.
#.......######.#
#...###........#
######...'_#....###.###.#
#.<....Jv###............#
#.#####J@v†............#
#.# ###.<).)...####..#
#.# ####.##..# # #.#
#.##..# #.. #.##..# ...
#.##..# .#. #......
c###..## . #...


You could see 2 large slime creatures.

Vanquished Creatures
  Pikel (D:7)
  Maggie (D:7)
  Prince Ribbit (D:7)
  A wyvern (D:6)
  Sigmund (D:4)
  A shadow (D:8)
  4 yaks (D:9)
  Menkaure (D:7)
  3 water moccasins
  A black bear (D:7)
  An ice beast (D:7)
  2 sky beasts
  3 orc warriors
  2 ogres
  A centaur (D:9)
  4 lemures (D:7)
  3 phantoms
  5 bullfrogs
  12 scorpions
  4 wights (D:8)
  3 centaur zombies (Ossuary)
  2 orc priests
  4 hounds
  3 jellies
  3 gnoll boudas
  2 human zombies (Ossuary)
  Ijyb (D:3)
  5 iguanas
  10 orc wizards
  5 scorpion zombies (Ossuary)
  3 mummies (Ossuary)
  17 gnolls
  8 adders
  3 white imps
  An ufetubus (D:5)
  A worm (D:3)
  4 dart slugs
  32 orcs
  6 ball pythons
  6 endoplasms
  2 giant cockroaches
  7 goblins
  4 hobgoblins
  A quokka (D:1)
  5 bats
  A frilled lizard (D:1)
  2 goblin zombies (Ossuary)
  A hobgoblin zombie (Ossuary)
  3 kobolds
  A kobold zombie (Ossuary)
  An orc zombie (Ossuary)
  8 rats
  9 bushes (D:2)
  A butterfly (D:4)
217 creatures vanquished.

Vanquished Creatures (others)
  523 foxfires
  9 plants (D:2)
532 creatures vanquished.

Grand Total: 749 creatures vanquished

Notes
Turn   | Place    | Note
-------+----------+-------------------------------------------
     0 | D:1      | cheesebisquit the Gargoyle Fire Elementalist began the
                  | quest for the Orb.
     0 | D:1      | Reached XP level 1. HP: 10/10 MP: 3/3
   217 | D:1      | Reached XP level 2. HP: 15/15 MP: 3/5
   767 | D:1      | Reached skill level 4 in Fire Magic
   797 | D:1      | Reached XP level 3. HP: 19/19 MP: 6/6
  1229 | D:2      | Reached XP level 4. HP: 24/24 MP: 7/7
  1271 | D:2      | Found a faded altar of an unknown god.
  1612 | D:2      | Reached skill level 5 in Fire Magic
  3217 | D:3      | Reached XP level 5. HP: 7/28 MP: 8/8
  3387 | D:3      | Noticed a phantom
  3475 | D:3      | Noticed Ijyb
  3490 | D:3      | Killed Ijyb
  3540 | D:3      | Learned a level 2 spell: Scorch
  3544 | D:3      | Learned a level 3 spell: Inner Flame
  3548 | D:3      | Found Wujo's Assorted Antiques.
  3572 | D:3      | Reached skill level 6 in Fire Magic
  4109 | D:3      | Killed a phantom
  4110 | D:3      | Reached XP level 6. HP: 32/32 MP: 9/9
  4240 | D:4      | Reached skill level 7 in Fire Magic
  4474 | D:4      | Reached XP level 7. HP: 36/36 MP: 10/10
  4501 | D:4      | Noticed Sigmund
  4503 | D:4      | Reached skill level 8 in Fire Magic
  4509 | D:4      | Killed Sigmund
  4711 | D:4      | Found a staircase to the Ecumenical Temple.
  4727 | Temple   | Entered the Ecumenical Temple
  4926 | Temple   | Became a worshipper of Vehumet
  4985 | D:4      | Found a runed translucent gate.
  4985 | D:4      | Found a runed translucent gate.
  4986 | D:4      | Found a runed translucent gate.
  4988 | D:4      | Noticed greenreed's ghost (novice SpCj)
  5403 | D:5      | Entered Level 5 of the Dungeon
  5415 | D:5      | Reached skill level 9 in Fire Magic
  5426 | D:5      | Reached XP level 8. HP: 5/41 MP: 11/11
  5832 | D:5      | Reached skill level 10 in Fire Magic
  5883 | D:5      | Found a blossoming altar of Fedhas.
  6247 | D:5      | Identified the +8 spear "Emeuroul" {vamp, rF++ rN+++ Int-5
                  | SInv}
  6596 | D:6      | Noticed Zeldest's ghost (novice TrEE)
  6600 | D:6      | Identified the +10 giant spiked club of the Shallot {flame,
                  | rC+}
  6632 | D:6      | Found a transporter.
  6652 | D:5      | Reached * piety under Vehumet
  6652 | D:5      | Offered knowledge of Magic Dart by Vehumet.
  6658 | D:5      | Learned a level 3 spell: Volatile Blastmotes
  6782 | D:6      | Reached skill level 11 in Fire Magic
  7104 | D:6      | Found a transporter.
  7165 | D:6      | Identified the +0 leather armour of Orghoide {MP+9}
  7291 | D:6      | Reached XP level 9. HP: 45/45 MP: 12/12
  7682 | D:6      | Reached skill level 12 in Fire Magic
  7867 | D:7      | Reached skill level 1 in Fighting
  7876 | D:7      | Reached skill level 1 in Maces & Flails
  8015 | D:7      | Noticed Pikel
  8040 | D:7      | Killed Pikel
  8265 | D:3      | Bought a short bone wand for 92 gold pieces
  8265 | D:3      | Bought a potion of heal wounds for 115 gold pieces
  8340 | D:7      | Noticed Menkaure
  8340 | D:7      | Noticed Prince Ribbit
  8486 | D:7      | Killed Prince Ribbit
  8505 | D:7      | Reached skill level 5 in Fighting
  8514 | D:7      | Killed Menkaure
  8515 | D:7      | Reached XP level 10. HP: 38/60 MP: 14/14
  8523 | D:7      | Noticed Maggie
  8538 | D:7      | Killed Maggie
  8891 | D:7      | Found a snail-covered altar of Cheibriados.
  9230 | D:7      | Learned a level 4 spell: Flame Wave
  9565 | D:8      | Found a sparkling altar of Nemelex Xobeh.
  9629 | D:8      | Found a sand-covered staircase.
  9718 | Ossuary  | Entered an ossuary
  9734 | Ossuary  | Reached ** piety under Vehumet
  9734 | Ossuary  | Offered knowledge of Kiss of Death by Vehumet.
  9789 | Ossuary  | Reached skill level 1 in Shields
  9824 | Ossuary  | Reached skill level 1 in Armour
 10074 | Ossuary  | Offered knowledge of Dazzling Flash by Vehumet.
 10296 | D:8      | Reached *** piety under Vehumet
 11228 | D:9      | Found a shimmering altar of Xom.
 11254 | D:9      | Demolished by a large slime creature

Illustrated notes

Levels and vault maps discovered:
D:1:      heliophobic_arrival_enchanted_forest, layout_loops_corners
D:2:      layout_rooms, serial_forest, infiniplex_forest_straight_2,
          infiniplex_forest_3_way, infiniplex_forest_clump_long,
          infiniplex_forest_clump_double, infiniplex_forest_lined_3,
          infiniplex_forest_clump_small, infiniplex_forest_clump_large,
          ebering_ecumenical_altar_webs, grunt_decor_cap
D:3:      layout_basic, serial_shops, nicolae_shop_overgrown_old_shop, uniq_ijyb
D:4:      layout_cave_pools, minmay_temple_entry_butterflies,
          gammafunk_ghost_split, minmay_misc_feat_iff, uniq_sigmund
D:5:      layout_basic, lemuel_round_altar, amcnicky_mini_corridor_feature
D:6:      layout_loops_cross, gammafunk_ghost_smash, minmay_misc_feat_diagonals,
          hex_tiny
D:7:      layout_rooms, lemuel_round_altar, serial_bayou_crossing, uniq_maggie,
          uniq_prince_ribbit1, uniq_pikel, uniq_menkaure
D:8:      layout_layer_cave, nemelex_xobeh_ov_fountains_minmay, enter_ossuary_1,
          grunt_ministairs_3
D:9:      kennysheep_seaside_town, layout_loops_ring, kennysheep_mini_moat,
          lair_entry_dummy
Temple:   bh_familiar_temple

Skill      XL: |  1  2  3  4  5  6  7  8  9 10 |
---------------+-------------------------------+-----
Fire Magic     | 4 5 6 7 9 11 12 | 12.6
Fighting       | 5 8 |  8.0
Maces & Flails | 2 3 |  3.7
Spellcasting   | 3 4 |  4.0
Shields        | 2 |  2.6
Armour         | 2 |  2.5
Dodging        | 2 |  2.6
Stealth        | |  2.1
Conjurations   | |  1.1

Action                     |  1- 3 |  4- 6 |  7- 9 | 10-12 || total
---------------------------+-------+-------+-------+-------++-------
  Melee: Mace              |    12 |  1278 |       |       ||  1290
         Punch             |       |    26 |     1 |       ||    27
         Flail             |       |     6 |    25 |       ||    31
         Whip              |       |       |     2 |     1 ||     3
   Cast: Foxfire           |    30 |    58 |   119 |    99 ||   306
         Scorch            |       |    14 |    73 |    65 ||   152
         Inner Flame       |       |       |    21 |    14 ||    35
         Volatile Blastmot |       |       |       |     2 ||     2
    Use: Potion            |       |       |     4 |       ||     4
         Scroll            |       |       |     8 |    13 ||    21
 Armour: Robe              |     7 |    12 |    63 |       ||    82
         Leather armour    |       |       |    19 |     1 ||    20
         Acid dragon scale |       |       |       |    30 ||    30
  Dodge: Dodged            |     7 |    14 |    77 |    35 ||   133

Table legend: (Time is in decaauts)
 A = Elapsed time spent in this place.
 B = Non-inter-level travel time spent in this place.
 C = Inter-level travel time spent in this place.
 D = Time resting spent in this place.
 E = Time spent auto-exploring this place.
 F = Levels seen in this place.
 G = Mean time per level.
                   A        B        C        D        E       F      G
               +--------+--------+--------+--------+--------+-----+--------+
         Total |  11788 |  11054 |    734 |    532 |   7268 |  11 | 1071.6 |
       Dungeon |  11134 |  10446 |    688 |    532 |   6837 |   9 | 1237.1 |
        Temple |    217 |    171 |     46 |      0 |    167 |   1 |  217.0 |
       Ossuary |    436 |    436 |      0 |      0 |    264 |   1 |  436.0 |
               +--------+--------+--------+--------+--------+-----+--------+

Top non-repeatable levels by time:
     D:2: 2514 daAuts
     D:6: 1360 daAuts
     D:7: 1309 daAuts
     D:8: 1265 daAuts
     D:5: 1251 daAuts
     D:3: 1152 daAuts
     D:1: 1114 daAuts
     D:4: 1024 daAuts
 Ossuary: 436 daAuts
  Temple: 217 daAuts
     D:9: 140 daAuts
